 Dungeon Crawl Stone Soup version 0.26.1-11-gd32895ea62 (webtiles) character file.

Game seed: 6520543363377086330

298082 Almogavar the Warrior (level 20, -2/178 HPs)
             Began as a Demonspawn Berserker on May 19, 2021.
             Was a High Priest of Trog.
             Slain by a caustic shrike (11 damage)
             ... on level 4 of the Depths on May 20, 2021.
             The game lasted 04:12:58 (66865 turns).

Almogavar the Warrior (Demonspawn Berserker)       Turns: 66865, Time: 04:12:59

Health: -2/178     AC: 20    Str: 26    XL:     20   Next: 11%
Magic:  20/20      EV: 10    Int: 10    God:    Trog [*****.]
Gold:   3659       SH: 12    Dex: 12    Spells: 19/19 levels left

rFire    + . .     SeeInvis +   (no weapon)
rCold    + . .     Faith    .   R - +2 kite shield {reflect}
rNeg     + + .     Spirit   .   J - +4 plate armour {rN+}
rPois    +         Reflect  +   t - +2 helmet {SInv}
rElec    .         Harm     .   a - +1 cloak
rCorr    .         Rampage  .   (gloves unavailable)
Will     +++..                  L - +2 pair of boots
Stlth    ..........             E - amulet of regeneration
HPRegen  1.79/turn              M - ring of protection from fire
MPRegen  0.17/turn              A - ring of positive energy

@: corroded, regenerating, invisible
A: claws 3, slimy green scales 3, cold resistance 1, demonic guardian 3, powered
by pain 1, freezing cloud immunity
}: 2/15 runes: decaying, gossamer
a: Renounce Religion, Berserk, Trog's Hand, Brothers in Arms


You were on level 4 of the Depths.
You worshipped Trog.
Trog was extremely pleased with you.
You visited 6 branches of the dungeon, and saw 36 of its levels.
You visited 1 ziggurat, and saw 3 of its levels.
You also visited: Ossuary and Ice Cave.

You collected 5028 gold pieces.
You spent 1369 gold pieces at shops.

Inventory:

Hand Weapons
 b - a +1 hand crossbow of freezing
 r - the +3 falchion of Purpose {vorpal, rF+}
   (You found it on level 1 of the Depths)

   It inflicts extra damage upon your enemies.
   It protects you from fire.
 D - a +6 antimagic scimitar
 N - a +6 demon blade of flaming
 S - a +9 vampiric long sword
Missiles
 c - 360 bolts
 i - 4 silver javelins
 y - 23 boomerangs (quivered)
 B - 80 poisoned darts
Armour
 a - a +1 cloak (worn)
 n - the +9 plate armour of Zuxkes {rF+}
   (You bought it in a shop on level 4 of the Depths)

   It protects you from fire.
 o - a +2 hat of willpower
 t - a +2 helmet of see invisible (worn)
 J - a +4 plate armour of positive energy (worn)
 L - a +2 pair of boots (worn)
 O - a scarf of repulsion
 R - a +2 kite shield of reflection (worn)
Jewellery
 A - a ring of positive energy (right claw)
 E - an amulet of regeneration (around neck)
 G - an uncursed ring of see invisible
 M - a ring of protection from fire (left claw)
 T - an uncursed amulet of the acrobat
 W - an uncursed ring of flight
 Z - an uncursed ring of stealth
Wands
 h - a wand of flame (139)
 k - a wand of polymorph (13)
 C - a wand of digging (16)
 Q - a wand of paralysis (3)
Scrolls
 d - 14 scrolls of teleportation
 u - 5 scrolls of fear
 v - 10 scrolls of fog
 z - 7 scrolls of blinking
 I - 3 scrolls of summoning
 P - 2 scrolls of brand weapon
 V - 9 scrolls of identify
 X - a scroll of silence
 Y - 4 scrolls of magic mapping
Potions
 e - 9 potions of ambrosia
 g - 8 potions of might
 j - 7 potions of heal wounds
 m - 4 potions of cancellation
 s - 18 potions of curing
 w - 2 potions of resistance
 H - 7 potions of haste
 K - a potion of invisibility
Miscellaneous
 f - a phantom mirror
 l - a lightning rod (4/4)
 p - a box of beasts
 q - a phial of floods
 F - a condenser vane
 U - a tin of tremorstones (2/2)


   Skills:
 + Level 20.7 Fighting
 - Level 14.0 Long Blades
 - Level 10.0 Throwing
 - Level 18.0 Armour
 + Level 8.7 Dodging
 + Level 6.9 Stealth
 - Level 4.8 Shields
 + Level 3.4 Evocations


You had 19 spell levels left.
You didn't know any spells.
Your spell library was empty.

Dungeon Overview and Level Annotations

Branches:
Dungeon (15/15)            Temple (0/1) D:7            Lair (6/6) D:10
  Swamp (4/4) Lair:2       Spider (4/4) Lair:3        Slime (0/5) Lair:6
    Orc (2/2) D:11            Elf (0/3) Orc:2        Vaults (0/5) D:13
 Depths (5/5) D:15        Ossuary (visited)           IceCv (visited)
    Zot: Depths:5

Altars:
Ashenzari
Elyvilon
Fedhas
Gozag
Makhleb
Trog
Xom
Zin
Jiyva
Lugonu

Shops:
D:5 [   D:9 [:}?*   D:10 !   D:13 (((   D:15 *   Orc:1 [   Orc:2 [(!}:
Depths:1 =}}(   Depths:4 ?*(

Portals:
Hell: Depths:1 Depths:2 Depths:3 Depths:4
Abyss: Lair:5 Depths:2 Depths:3 Depths:4
Pandemonium: Depths:3
Trove: Depths:2 (give +4 storm dragon scales)

Annotations:
Lair:5 2 transporters, mys's ghost, journeyman DrTm


Innate Abilities, Weirdness & Mutations

You have claws for hands.
You are completely covered in slimy green scales. (AC +4, rPois)
Your flesh is cold resistant. (rC+)
A powerful demonic guardian rushes to your aid.
You sometimes gain a little power by taking damage.
You are immune to freezing clouds.


Message History

The acid corrodes you!
You are splashed with acid!
* * * LOW HITPOINT WARNING * * *
The caustic shrike claws your cacodemon!!
Your cacodemon is splashed with acid!
Your cacodemon seems to be corroded for longer.
Your cacodemon dies!
The caustic shrike claws you!
* * * LOW HITPOINT WARNING * * *
You are splashed with acid!
* * * LOW HITPOINT WARNING * * *
The caustic shrike claws you but does no damage.
You block the caustic shrike's attack.
Okay, then.
Okay, then.
You fade into invisibility!
You block the caustic shrike's attack.
The caustic shrike claws you but does no damage.
The caustic shrike completely misses you.
The caustic shrike claws you!
You die...

#############....#....#..
#.[..............#...#...
#.........##...##....#...
#.........##.##..........
#.........##........##..#
#............#....##....#
#.∩..>.......#...#......#
#......bb...#....#.....(#
###'#..b@...#...#.......#
#.#..b..##..).........[
##'#....#....#[[.......#
#
#..........#[[.........#
###
#..........#####....#'##
..########..........#
#....#.#
...#.....#..........#
#...#####
......#..#..........#
#..##∩##.
####..#.............#
####8_8##


You could see 4 caustic shrikes.

Vanquished Creatures
  the Lernaean hydra (Swamp:4)
  A bone dragon (Depths:3)
  A quicksilver dragon (Depths:4)
  2 titans
  2 sphinxes
  Frances (D:12)
  3 fire giants
  5 frost giants
  A ghost moth (Spider:4)
  4 emperor scorpions
  A spriggan defender (Depths:4)
  30 very ugly things
  12 stone giants
  2 vampire knights
  The ghost of Quickbrownfox the Blocker, a journeyman MiFi of Ashenzari (D:13)
  Azrael (D:15)
  An entropy weaver (Spider:3)
  3 spark wasps
  5 bunyips
  6 eleionomae
  2 jiangshi (D:15)
  3 ettins
  3 fire dragons (Depths:1)
  A shambling mangrove (Swamp:3)
  4 yaktaur captains
  14 hydras
  4 great orbs of eyes
  4 ghost crabs
  4 ice dragons
  Erica (D:8)
  2 spriggan air magi
  3 centaur warriors
  A hell beast (Zig:3)
  3 catoblepae (Lair:6)
  6 two-headed ogres
  10 alligators
  6 death yaks
  5 tengu warriors
  5 ogre magi
  A vampire mage (D:15)
  2 deep troll shamans (Depths:3)
  Urug (Orc:1)
  2 orc high priests (Orc:1)
  A deep elf knight (Zig:1)
  2 spriggan berserkers (Depths:4)
  8 skeletal warriors (Depths:3)
  4 iron trolls
  The ghost of Almogavar the Twirler, a novice DrVM of Sif Muna (D:8)
  3 unseen horrors
  A cherub (Zig:3)
  2 goliath frogs
  2 storm dragon skeletons (Depths:3)
  9 deep trolls
  A shadow demon (Depths:3)
  4 spriggan druids
  A goliath frog (shapeshifter) (Depths:3)
  A glowing orange brain (Depths:4)
  6 flayed ghosts
  2 bog bodies
  18 swamp dragons
  A deep elf archer (Zig:1)
  An infernal demonspawn (Depths:3)
  An orc knight (D:11)
  2 wolf spider zombies
  15 orb spiders
  An orc sorcerer (Orc:1)
  6 will-o-the-wisps
  14 wolf spiders
  12 ugly things
  5 elephants
  4 manticores
  2 cyclopes
  7 apocalypse crabs (Depths:4)
  2 moths of wrath
  A frost giant skeleton (Depths:3)
  3 ice statues (IceCv)
  A fire giant skeleton (Depths:3)
  A rust devil (Depths:3)
  3 black mambas
  A smoke demon (Depths:3)
  A gargoyle (D:13)
  7 cane toads
  A torpor snail (Lair:3)
  2 rime drakes (Lair:3)
  11 komodo dragons
  6 demonic crawlers
  5 spectral swamp worms
  18 yaktaurs
  A guardian mummy (Depths:2)
  6 ice devils (IceCv)
  A queen bee (D:8)
  9 jumping spiders
  A tengu conjurer (Depths:2)
  7 trolls
  A meliai (D:13)
  A bloated husk (Swamp:3)
  3 polar bears
  A polar bear (shapeshifter) (Depths:2)
  A blink frog (shapeshifter) (Depths:1)
  8 hornets
  15 blink frogs
  4 tyrant leeches
  15 slime creatures
  A meliai zombie (D:15)
  67 redbacks
  6 spriggans
  52 yaks
  A fire elemental (D:15)
  5 wraiths
  A ynoxinul (Depths:3)
  2 water elementals
  A wyvern (D:10)
  15 tarantellas
  A basilisk (Lair:6)
  3 steam dragons (D:9)
  4 vampire mosquitoes (D:15)
  11 wargs
  An elf skeleton (Depths:3)
  18 swamp worms
  16 water moccasins
  2 soldier ants (D:8)
  A hell hound (D:15)
  A floating eye (Depths:3)
  18 orc warriors
  4 sky beasts
  6 swamp drakes (Swamp:4)
  7 black bears
  21 ogres
  6 boggarts (Depths:3)
  3 necrophages
  24 wolves
  6 centaurs
  2 big kobolds (D:13)
  An elf zombie (Ossuary)
  19 bullfrogs
  4 scorpions
  16 killer bees
  4 electric eels
  7 howler monkeys
  9 wights
  A crimson imp (Depths:3)
  2 centaur zombies
  3 draconian simulacra (IceCv)
  A quasit (D:15)
  2 human zombies (Ossuary)
  3 bullfrog skeletons
  3 bullfrog zombies
  5 hounds
  13 orc priests
  3 jellies
  20 orc wizards
  7 centaur skeletons
  3 iguanas
  Natasha (twice) (D:2)
  4 hell rats (Lair:3)
  10 worker ants
  A spriggan simulacrum (IceCv)
  A troll simulacrum (IceCv)
  A big kobold zombie (Ossuary)
  3 hound zombies
  A hound skeleton (D:6)
  4 mummies
  A worker ant zombie (D:8)
  3 gnolls (D:8)
  8 adders
  2 naga simulacra (IceCv)
  3 ogre simulacra (IceCv)
  A shadow imp (D:9)
  2 white imps
  2 oozes
  An ufetubus (D:5)
  4 adder zombies (Ossuary)
  An adder skeleton (D:4)
  A worm (D:4)
  2 dart slugs
  A leopard gecko (D:3)
  46 orcs
  4 giant cockroaches
  A gnoll zombie (Ossuary)
  5 goblins
  9 hobgoblins
  16 jackals
  7 quokkas
  5 bats
  3 frilled lizards
  3 goblin zombies (Ossuary)
  3 hobgoblin zombies (Ossuary)
  5 jackal zombies (Ossuary)
  7 kobolds
  5 kobold zombies (Ossuary)
  An orc zombie (Ossuary)
  2 quokka zombies (Ossuary)
  5 rats
  4 rat zombies (Ossuary)
1066 creatures vanquished.

Vanquished Creatures (collateral kills)
  A pandemonium lord (Zig:3)
  Gastronok (Lair:1)
  A fenstrider witch (Swamp:2)
  2 tengu reavers (Depths:2)
  A fire giant (D:15)
  Donald (Swamp:2)
  A frost giant (Depths:1)
  3 emperor scorpions
  2 ghost moths
  An ironheart preserver (D:13)
  7 very ugly things
  2 bunyips (Swamp:2)
  An entropy weaver (shapeshifter) (D:15)
  3 entropy weavers
  2 spark wasps (Depths:4)
  The ghost of Sadonosm the Carver, a journeyman DgSk (Lair:3)
  An ettin (Depths:3)
  2 eleionomae (Swamp:3)
  3 fire dragons
  Josephine (D:10)
  A jiangshi (Depths:1)
  3 ogre magi
  3 ice dragons
  2 great orbs of eyes (Depths:1)
  2 boulder beetles
  2 ghost crabs
  7 hydras
  A rakshasa (Zig:3)
  A spriggan air mage (Depths:4)
  An alligator (Swamp:2)
  A tengu warrior (Depths:4)
  15 two-headed ogres
  2 deep troll shamans
  A deep troll earth mage (Depths:3)
  5 death yaks
  2 orc high priests (Orc:2)
  2 deep elf knights (D:11)
  A spriggan berserker (Depths:2)
  A skeletal warrior (Depths:3)
  2 spriggans (Swamp:4)
  2 goliath frogs
  2 wizards (D:11)
  3 deep trolls
  A spriggan druid (Swamp:3)
  4 swamp dragons
  5 bog bodies
  A necromancer (IceCv)
  6 ugly things
  3 orb spiders
  5 wolf spiders
  2 orc sorcerers (Orc:2)
  3 manticores
  9 elephants
  2 will-o-the-wisps
  An apocalypse crab (Depths:4)
  A black mamba (Lair:3)
  An ice statue (IceCv)
  A torpor snail (Spider:3)
  A cane toad (Lair:1)
  2 komodo dragons
  3 ice devils (IceCv)
  2 yaktaurs (Depths:1)
  An elf skeleton (Depths:3)
  4 jumping spiders
  4 trolls
  Prince Ribbit (D:7)
  4 hornets
  Grinder (D:5)
  2 tyrant leeches
  2 blink frogs (Lair:6)
  A dream sheep (Lair:3)
  A tarantella (Spider:4)
  2 wyverns
  A basilisk (Lair:4)
  4 redbacks
  A wraith (D:10)
  2 fire elementals (D:15)
  18 yaks
  Eustachio (D:5)
  Menkaure (D:6)
  3 wargs
  4 hell hounds (D:15)
  2 water moccasins
  2 swamp drakes (Swamp:3)
  A necrophage (D:8)
  An ice beast (D:6)
  A sky beast (D:9)
  7 orc warriors
  4 ogres
  3 boggarts (Depths:3)
  A wolf (Lair:4)
  3 bullfrogs
  A scorpion (D:5)
  2 killer bees (D:9)
  4 wights (D:7)
  A hound (D:11)
  7 orc priests
  5 orc wizards
  3 hell rats (Lair:3)
  An adder (D:11)
  10 orcs
  A quokka (D:4)
270 creatures vanquished.

Vanquished Creatures (others)
  A fire giant (Depths:2)
  An ugly thing (D:15)
  A bloated husk (Swamp:1)
  A swamp worm (Swamp:1)
  39 foxfires
  46 fungi
  44 plants
133 creatures vanquished.

Grand Total: 1469 creatures vanquished

Notes
Turn   | Place    | Note
-------+----------+-------------------------------------------
     0 | D:1      | Almogavar the Demonspawn Berserker began the quest for the
                  | Orb.
     0 | D:1      | Reached XP level 1. HP: 18/18 MP: 1/1
   383 | D:1      | Gained mutation: You are partially covered in slimy green
                  | scales. (AC +2) [demonic ancestry]
   383 | D:1      | Reached XP level 2. HP: 24/24 MP: 2/2
   686 | D:1      | Gained mutation: You have sharp fingernails. [demonic
                  | ancestry]
   686 | D:1      | Reached XP level 3. HP: 29/29 MP: 3/3
  1102 | D:2      | Noticed Natasha
  1109 | D:2      | Killed Natasha
  1142 | D:2      | Reached ** piety under Trog
  1187 | D:2      | Gained mutation: You sometimes gain a little power by
                  | taking damage. [demonic ancestry]
  1187 | D:2      | Reached XP level 4. HP: 37/37 MP: 4/4
  1471 | D:2      | Noticed Natasha
  1488 | D:2      | Killed Natasha
  1694 | D:2      | Found a faded altar of an unknown god.
  2444 | D:3      | Reached skill level 4 in Fighting
  2880 | D:4      | Gained mutation: A weak demonic guardian rushes to your
                  | aid. [demonic ancestry]
  2880 | D:4      | Reached XP level 5. HP: 41/42 MP: 5/5
  3330 | D:4      | Gained mutation: You are mostly covered in slimy green
                  | scales. (AC +3) [demonic ancestry]
  3330 | D:4      | Reached XP level 6. HP: 38/48 MP: 6/6
  3945 | D:5      | Entered Level 5 of the Dungeon
  4472 | D:5      | Reached skill level 1 in Stealth
  4815 | D:5      | Found Tiogeuh's Armour Shoppe.
  4825 | D:5      | Noticed Eustachio
  4859 | D:5      | Killed Eustachio
  4860 | D:5      | Reached skill level 5 in Long Blades
  4860 | D:5      | Gained mutation: A demonic guardian rushes to your aid.
                  | [demonic ancestry]
  4860 | D:5      | Reached XP level 7. HP: 21/55 MP: 7/7
  5491 | D:5      | Noticed Grinder
  5507 | D:5      | Killed Grinder
  5617 | D:5      | Noticed a troll
  5623 | D:5      | Killed a troll
  5862 | D:6      | Noticed Menkaure
  5871 | D:6      | Killed Menkaure
  5872 | D:6      | Reached XP level 8. HP: 35/61 MP: 8/8
  5881 | D:6      | Reached skill level 5 in Fighting
  6916 | D:7      | Found a blossoming altar of Fedhas.
  6917 | D:7      | Found a shimmering altar of Xom.
  7126 | D:7      | Found a bloodstained altar of Trog.
  7126 | D:7      | Found a white marble altar of Elyvilon.
  7157 | D:7      | Noticed Prince Ribbit
  7172 | D:7      | Killed Prince Ribbit
  7178 | D:7      | Reached XP level 9. HP: 64/69 MP: 9/9
  7315 | D:7      | Found a burning altar of Makhleb.
  7347 | D:7      | Found a glowing silver altar of Zin.
  7347 | D:7      | Noticed an angel
  7348 | D:7      | Noticed an Executioner
  7493 | D:7      | Reached skill level 5 in Dodging
  7805 | D:7      | Noticed a troll
  7814 | D:7      | Killed a troll
  8192 | D:7      | Found a staircase to the Ecumenical Temple.
  8252 | D:7      | Reached skill level 5 in Armour
  8474 | D:8      | Found a sand-covered staircase.
  8520 | D:8      | Reached skill level 6 in Fighting
  8534 | Ossuary  | Entered an ossuary
  8949 | Ossuary  | Reached *** piety under Trog
  9321 | D:8      | Reached **** piety under Trog
  9798 | D:8      | Noticed Almogavar's ghost (novice DrVM)
  9798 | D:8      | Noticed a queen bee
  9811 | D:8      | Noticed Erica
  9828 | D:8      | Killed Erica
  9829 | D:8      | Gained mutation: Your flesh is cold resistant. (rC+)
                  | [demonic ancestry]
  9829 | D:8      | Reached XP level 10. HP: 30/77 MP: 10/10
 10115 | D:8      | Found a transporter.
 10120 | D:8      | Found a transporter.
 10578 | D:8      | Found a broken altar of Ashenzari.
 10737 | D:8      | Reached skill level 7 in Fighting
 10737 | D:8      | Reached skill level 10 in Long Blades
 10748 | D:8      | Killed Almogavar's ghost
 10764 | D:8      | HP: 2/79 [killer bee (4)]
 12086 | D:9      | Found Padghufeo's Assorted Antiques.
 12098 | D:9      | Found Butaps Turphi's Gadget Boutique.
 12274 | D:9      | Found Xuoxzets's Magic Scroll Boutique.
 12282 | D:9      | Bought a scroll of blinking for 97 gold pieces
 12498 | D:9      | Found Bual's Book Boutique.
 12528 | D:9      | Found Xuat Veajy's Antique Armour Emporium.
 12636 | D:10     | Entered Level 10 of the Dungeon
 12776 | D:10     | Found a staircase to the Lair.
 12860 | D:10     | Reached skill level 8 in Fighting
 12860 | D:10     | Gained mutation: You have very sharp fingernails. [demonic
                  | ancestry]
 12860 | D:10     | Reached XP level 11. HP: 50/86 MP: 11/11
 13360 | D:10     | Noticed Josephine
 13373 | D:10     | Killed Josephine
 13917 | D:10     | Found Caredais's Distillery.
 15320 | D:11     | Killed an unseen horror
 15563 | D:11     | Noticed a wizard
 15563 | D:11     | Noticed a +3 double sword
 15564 | D:11     | Noticed a wizard
 15572 | D:11     | Noticed an orc knight
 15580 | D:11     | Killed a wizard
 15589 | D:11     | Killed an orc knight
 15621 | D:11     | Killed a wizard
 15623 | D:11     | Noticed a deep elf knight
 15633 | D:11     | Killed a deep elf knight
 15733 | D:11     | Noticed a deep elf knight
 15741 | D:11     | Killed a deep elf knight
 16266 | D:11     | Found a staircase to the Orcish Mines.
 16359 | D:11     | Reached skill level 9 in Fighting
 16542 | D:11     | Noticed a fire dragon
 16557 | D:11     | Killed a fire dragon
 16784 | Orc:1    | Entered Level 1 of the Orcish Mines
 17148 | Orc:1    | Found Cowam's Antique Armour Emporium.
 17274 | Orc:1    | Reached ***** piety under Trog
 17377 | Orc:1    | Noticed Urug
 17419 | Orc:1    | Killed Urug
 17777 | Orc:1    | Reached skill level 1 in Throwing
 18056 | Orc:1    | Gained mutation: You have claws for hands. [demonic
                  | ancestry]
 18056 | Orc:1    | Reached XP level 12. HP: 59/95 MP: 12/12
 18322 | Orc:2    | Entered Level 2 of the Orcish Mines
 19523 | Orc:2    | Found a staircase to the Elven Halls.
 20093 | Orc:2    | Noticed an orc high priest
 20635 | Orc:2    | Killed an orc high priest
 20637 | Orc:2    | Noticed an orc high priest
 20823 | Orc:2    | Noticed an orc high priest
 21020 | Orc:2    | Noticed an orc high priest
 21026 | Orc:2    | Killed an orc high priest
 21041 | Orc:1    | Killed an orc high priest
 21202 | Orc:1    | Killed an orc high priest
 22067 | Orc:2    | Found Meom's Armour Shop.
 22169 | Orc:2    | Found Fiemiedu's Distillery.
 22169 | Orc:2    | Found Zonaedgh's Book Emporium.
 22170 | Orc:2    | Found Nikergh's Gadget Emporium.
 22174 | Orc:2    | Found Ysodgh's Antique Weapon Shoppe.
 22681 | Lair:1   | Entered Level 1 of the Lair of Beasts
 22689 | Lair:1   | Received a gift from Trog
 22926 | Lair:1   | Reached skill level 10 in Fighting
 23524 | Lair:1   | Noticed Gastronok
 23549 | Lair:1   | Killed Gastronok
 23876 | Lair:1   | Reached XP level 13. HP: 77/103 MP: 9/13
 25207 | Lair:2   | Found a staircase to the Swamp.
 26139 | Lair:3   | Found a hole to the Spider Nest.
 26271 | Lair:3   | Reached skill level 11 in Fighting
 26291 | Lair:3   | Found a frozen archway.
 26297 | IceCv    | Entered an ice cave
 26495 | IceCv    | Received a gift from Trog
 26496 | IceCv    | Reached skill level 1 in Evocations
 27338 | IceCv    | Reached skill level 10 in Armour
 27962 | Lair:3   | Noticed Sadonosm's ghost (journeyman DgSk)
 27964 | Lair:3   | Found a transporter.
 27989 | Lair:3   | Found a transporter.
 28155 | Lair:3   | Identified a scroll of acquirement
 28155 | Lair:3   | Acquired a manual of Crossbows
 28234 | Lair:3   | Reached skill level 5 in Stealth
 29533 | Lair:4   | Reached XP level 14. HP: 112/114 MP: 14/14
 30146 | Lair:5   | Found a one-way gate to the infinite horrors of the Abyss.
 30146 | Lair:5   | Noticed mys's ghost (journeyman DrTm)
 30166 | Lair:5   | Found a transporter.
 30166 | Lair:5   | Identified the cursed +1 spear "Fisanof" {distort, rPois}
 30193 | Lair:5   | Found a transporter.
 30637 | Lair:5   | Reached skill level 1 in Shields
 31082 | Lair:6   | Entered Level 6 of the Lair of Beasts
 31420 | Lair:6   | Reached skill level 12 in Fighting
 33258 | Lair:6   | Found a runed translucent door.
 33260 | Lair:6   | Found a viscous altar of Jiyva.
 33261 | Lair:6   | Found a staircase to the Slime Pits.
 33977 | Lair:3   | Killed Sadonosm's ghost
 34271 | D:12     | Noticed Frances
 34303 | D:12     | Killed Frances
 34680 | D:12     | Reached skill level 5 in Throwing
 35797 | D:12     | Received a gift from Trog
 36285 | D:13     | Found a runed translucent door.
 36285 | D:13     | Noticed Quickbrownfox's ghost (journeyman MiFi)
 36286 | D:13     | Found Ampij's Weapon Shoppe.
 36330 | D:13     | Killed Quickbrownfox's ghost
 36662 | D:13     | Found Ludieps's Weapon Boutique.
 36794 | D:13     | Found Seledep's Antique Weapon Shop.
 36924 | D:13     | Found a gate to the Vaults.
 36924 | D:13     | Noticed an ironheart preserver
 36931 | D:13     | Reached skill level 13 in Fighting
 36931 | D:13     | Gained mutation: A powerful demonic guardian rushes to your
                  | aid. [demonic ancestry]
 36931 | D:13     | Reached XP level 15. HP: 123/123 MP: 15/15
 38393 | D:14     | Found an opulent altar of Gozag.
 38928 | D:15     | Entered Level 15 of the Dungeon
 39074 | D:15     | Found Aphiq's Demolitions Depot.
 39396 | D:15     | Noticed a frost giant
 39570 | D:15     | Noticed Azrael
 39584 | D:15     | Killed Azrael
 40330 | D:15     | Killed a frost giant
 40649 | D:15     | Found a staircase to the Depths.
 41211 | Swamp:1  | Entered Level 1 of the Swamp
 42422 | Swamp:1  | Reached skill level 14 in Fighting
 42838 | Swamp:2  | Noticed a fenstrider witch
 42845 | Swamp:2  | Killed a fenstrider witch
 43604 | Swamp:2  | Noticed Donald
 43615 | Swamp:2  | Killed Donald
 44670 | Swamp:3  | Gained mutation: You are completely covered in slimy green
                  | scales. (AC +4, rPois) [demonic ancestry]
 44670 | Swamp:3  | Reached XP level 16. HP: 56/134 MP: 16/16
 45329 | Swamp:3  | Received a gift from Trog
 46826 | Swamp:4  | Entered Level 4 of the Swamp
 46855 | Swamp:4  | Reached skill level 15 in Fighting
 48216 | Swamp:4  | Noticed the 27-headed Lernaean hydra
 48886 | Swamp:4  | Killed the 23-headed Lernaean hydra
 49749 | Swamp:4  | Got a decaying rune of Zot
 50145 | Spider:1 | Entered Level 1 of the Spider Nest
 50481 | Spider:1 | Reached XP level 17. HP: 142/142 MP: 17/17
 51653 | Spider:2 | Received a gift from Trog
 51754 | Spider:2 | Reached skill level 15 in Armour
 52508 | Spider:3 | Reached skill level 16 in Fighting
 53136 | Spider:4 | Entered Level 4 of the Spider Nest
 53164 | Spider:4 | Received a gift from Trog
 53167 | Spider:4 | Reached skill level 10 in Throwing
 54705 | Spider:4 | Received a gift from Trog
 54777 | Spider:4 | Got a gossamer rune of Zot
 55475 | Depths:1 | Entered Level 1 of the Depths
 55496 | Depths:1 | Found a runed translucent door.
 55789 | Depths:1 | Paralysed by a great orb of eyes for 4 turns
 56091 | D:15     | Reached XP level 18. HP: 108/153 MP: 18/18
 56239 | D:15     | Reached skill level 17 in Fighting
 56726 | Depths:1 | Found a gateway to Hell.
 56775 | Depths:1 | Found a gateway to a ziggurat.
 56823 | Depths:1 | Paralysed by a sphinx for 4 turns
 56871 | Zig:1    | Entered Level 1 of a ziggurat
 56917 | Zig:2    | Entered Level 2 of a ziggurat
 56963 | Zig:3    | Entered Level 3 of a ziggurat
 56963 | Zig:3    | Noticed Hiwargh the pandemonium lord
 56969 | Zig:3    | Noticed a Tzitzimitl
 56985 | Zig:3    | Killed Hiwargh the pandemonium lord
 57360 | Depths:1 | Received a gift from Trog
 57477 | Depths:1 | Found Razanluo's Weapon Shoppe.
 57780 | Depths:1 | Found a broken altar of Ashenzari.
 57932 | Depths:1 | Found Qores's Jewellery Emporium.
 57932 | Depths:1 | Found Tolunew's Gadget Boutique.
 57933 | Depths:1 | Found Ugoavaji's Gadget Boutique.
 57939 | Depths:1 | Bought a lightning rod (4/4) for 600 gold pieces
 59115 | Depths:1 | Got a steaming falchion
 59116 | Depths:1 | Identified the +3 falchion of Purpose {vorpal, rF+} (You
                  | found it on level 1 of the Depths)
 60069 | Depths:2 | Reached skill level 18 in Fighting
 60766 | Depths:2 | Found a portal to a secret trove of treasure.
 61172 | Depths:2 | Identified the Volume of the Echidna
 61702 | Depths:3 | Received a gift from Trog
 61712 | Depths:3 | Reached XP level 19. HP: 153/164 MP: 19/19
 61995 | Depths:3 | Found a one-way gate leading to the halls of Pandemonium.
 62381 | Depths:3 | Paralysed by an ogre mage for 5 turns
 62477 | Depths:3 | Reached skill level 19 in Fighting
 64151 | Depths:4 | Found Arpheqo's Antique Weapon Shop.
 64846 | Depths:4 | Found Gute's Magic Scroll Emporium.
 64849 | Depths:3 | Noticed a bone dragon
 64858 | Depths:3 | Reached skill level 20 in Fighting
 64860 | Depths:3 | Killed a bone dragon
 65313 | Depths:4 | Found Pion's Assorted Antiques.
 65374 | Depths:4 | Gained mutation: You are immune to freezing clouds.
                  | [demonic ancestry]
 65374 | Depths:4 | Reached XP level 20. HP: 150/178 MP: 20/20
 65805 | Depths:4 | Received a gift from Trog
 65939 | Depths:4 | Paralysed by you for 2 turns
 66036 | Depths:4 | Paralysed by you for 2 turns
 66042 | Depths:4 | Paralysed by you for 2 turns
 66068 | Depths:4 | Got an ichor-stained hand axe
 66069 | Depths:4 | Identified the cursed +1 hand axe "Woamogi" {vorpal, +Rage
                  | rPois Will++ Str-3} (You found it on level 4 of the Depths)
 66702 | Depths:4 | Found a corrupted altar of Lugonu.
 66711 | Depths:4 | Bought a scorched plate armour for 672 gold pieces
 66712 | Depths:4 | Identified the +9 plate armour of Zuxkes {rF+} (You bought
                  | it in a shop on level 4 of the Depths)
 66844 | Depths:5 | Entered Level 5 of the Depths
 66853 | Depths:5 | Noticed a juggernaut
 66853 | Depths:5 | Noticed a caustic shrike
 66854 | Depths:5 | Noticed a caustic shrike
 66854 | Depths:5 | Noticed a caustic shrike
 66855 | Depths:5 | Noticed a caustic shrike
 66855 | Depths:5 | Noticed a caustic shrike
 66864 | Depths:4 | HP: 7/178 [acid (10)]
 66865 | Depths:4 | Slain by a caustic shrike

Illustrated notes

Levels and vault maps discovered:
D:1:      dpeg_arrival_water_fire, layout_rooms, st_stairs_14
D:2:      layout_loops_corners, chequers_ecumenical_altar_simple_redux,
          uniq_natasha
D:3:      layout_loops_cross
D:4:      layout_loops_cross
D:5:      layout_loops_ring, serial_shops, shop_statue, uniq_eustachio,
          uniq_grinder
D:6:      layout_cave_pools, uniq_menkaure
D:7:      lemuel_ice_spiral_2, layout_basic,
          grunt_temple_overflow_order_and_chaos_2, grunt_temple_overflow_open,
          minmay_temple_entry_antechambers, uniq_prince_ribbit1
D:8:      layout_gridville, lemuel_round_altar, gammafunk_ghost_hive,
          nicolae_ossuary_entry_false_entrances, serial_undead, serial_undead_b,
          serial_undead_a, serial_undead_d, serial_undead_c, serial_undead_b,
          hangedman_pestilent_swarm, uniq_erica
D:9:      cheibrodos_steamvent, layout_rooms, serial_shops,
          nicolae_shop_statue_plus, shop, shop, nicolae_shop_waterfront, shop
D:10:     layout_long_grid, erik_lair_orcish_takeover, serial_shops, shop,
          uniq_josephine
D:11:     dragon1_lemuel, layout_stronghold, minmay_orc_entry_guard_dogs,
          sword_in_stone
D:12:     layout_basic, uniq_frances
D:13:     layout_loops_ring, skrybe_vaults_entry_preservation,
          gammafunk_ghost_grave, serial_shops, shop, shop_fountains, shop_statue
D:14:     layout_basic, nicolae_gozag_cash_rules_everything_around_me
D:15:     grunt_enter_depths_hoard, layout_basic,
          chequers_serial_rivers_small_a, nicolae_blasting_shop,
          serial_bayou_pond_d, minmay_checkered_concentric_circles, uniq_azrael
Lair:1:   layout_roguey, uniq_gastronok
Lair:2:   layout_regular_city, skrybe_swamp_entry_bodies, beast_lair_carwin_2
Lair:3:   layout_cave_pods, spider_nest_entry_webs, gammafunk_ghost_arena,
          portal_ice_cave_entry_pillars_1
Lair:4:   layout_loops_ring, serial_bayou_shore_a, grunt_megastairs_2
Lair:5:   layout_loops_ring, gammafunk_ghost_abyssal_escape, st_stairs_6,
          grunt_megastairs_5
Lair:6:   evilmike_catoblepas_cave, layout_cave_pods, slime_altar_2
Swamp:1:  layout_falls_marsh, evilmike_swamp_ruin_house_6
Swamp:2:  layout_falls_marsh, evilmike_swamp_ruin_house_4,
          infiniplex_staircase_pool, uniq_donald
Swamp:3:  nzn_winding_woodlands_three_and_one
          [nzn_winding_woodlands_5x15_longhouse,
          nzn_winding_woodlands_5x15_crooked,
          nzn_winding_woodlands_5x15_split_checker,
          nzn_winding_woodlands_center_lodge], layout_basic_swamp,
          evilmike_swamp_ruin_house_3, swamp_pool1
Swamp:4:  swamp_old_school, layout_basic_swamp
Spider:1: layout_spider_delve, hangedman_spider_tarantella_strand
Spider:2: layout_spider_delve
Spider:3: layout_spider_delve
Spider:4: grunt_spider_rune_circles
Orc:1:    nicolae_orc_accident_1, layout_caves, serial_shops,
          nicolae_shop_crystal, uniq_urug
Orc:2:    st_orc_mages, layout_caves, serial_shops, shop, nooodl_orcs_dogs
Depths:1: layout_roguey, enter_ziggurat_e, serial_glass, glass_columns_b,
          glass_columns_a, serial_shops, shop, pf_hell_entry_tar_river,
          minmay_st_funbox, nicolae_ashenzari_panopticon,
          infiniplex_staircase_pool_lava, minmay_shop_grove,
          serial_bayou_shore_b
Depths:2: minmay_shrinking_squares, layout_cave_pools,
          nicolae_trove_entry_path_of_doom, serial_column_ruins,
          column_ruins_portal_astroid, column_ruins_open_large,
          column_ruins_open_tiny, column_ruins_corridor_T,
          column_ruins_open_tiny, hell_entry, minmay_staircase_statues,
          grunt_megastairs_3
Depths:3: minmay_skeletal_surprise, layout_gridlike, grunt_decor_clamped,
          abyss_entry, rand_demon_pan_entry_9, hangedman_geh_valley
Depths:4: gammafunk_mikee_crab_dinner, layout_basic, abyss_entry_flame_altar,
          serial_shops, shop, nicolae_shop_waterfront, nicolae_shop_waterfront,
          hangedman_coc_ice_floe, serial_sigils, serial_sigils_hangedman_writhe,
          serial_sigils_hangedman_gnaw, serial_sigils_hangedman_confine,
          serial_sigils_hangedman_scar, serial_sigils_hangedman_etch
Depths:5: grunt_twist_and_shout, layout_gridlike, abyss_entry, hell_entry,
          serial_bayou_shore_b, kennysheep_random_hallway, serial_bayou_shore_b,
          minmay_shoptagon

Skill      XL: |  1  2  3  4  5  6  7  8  9 10 11 12 13 14 15 16 17 18 19 |
---------------+----------------------------------------------------------+-----
Long Blades    | 3 4 5 7 9 11 12 13 14 | 14.0
Armour         | 2 3 4 5 6 8 10 12 13 14 16 17 18 | 18.0
Dodging        | 2 3 4 5 6 7 8 |  8.7
Fighting       | 4 5 6 8 9 10 11 13 14 15 16 18 20 | 20.7
Stealth        | 1 2 3 4 5 6 |  6.9
Throwing       | 1 2 3 5 6 9 10 | 10.0
Evocations     | 2 3 |  3.4
Shields        | 3 4 |  4.8

Action                   |  1- 3 |  4- 6 |  7- 9 | 10-12 | 13-15 | 16-18 | 19-21 || total
-------------------------+-------+-------+-------+-------+-------+-------+-------++-------
Melee: Falchion          |    76 |   221 |   212 |       |       |   157 |       ||   666
       Scimitar          |       |       |   223 |   773 |  1319 |   520 |    26 ||  2861
       Great sword       |       |       |       |    81 |   151 |       |       ||   232
       Triple sword      |       |       |       |       |    16 |       |       ||    16
       Long sword        |       |       |       |       |   143 |  1227 |   834 ||  2204
       Demon blade       |       |       |       |       |       |     4 |       ||     4
       Hand axe          |       |       |       |       |       |       |    10 ||    10
Throw: Dart              |       |       |       |    38 |    70 |    47 |       ||   155
       Boomerang         |       |       |       |       |    66 |   252 |    66 ||   384
Invok: Berserk           |     2 |     3 |     4 |    12 |    14 |    10 |     1 ||    46
       Trog's Hand       |       |       |     3 |     8 |    16 |     9 |     5 ||    41
       Brothers in Arms  |       |       |       |     1 |     4 |     4 |     1 ||    10
 Abil: Evoke Flight      |       |       |       |       |       |     2 |       ||     2
Evoke: Wand              |       |       |       |     5 |    12 |     7 |     4 ||    28
       Condenser vane    |       |       |       |       |       |     1 |     1 ||     2
       Box of beasts     |       |       |       |       |       |     1 |       ||     1
       Lightning rod     |       |       |       |       |       |     1 |       ||     1
  Use: Scroll            |     3 |     5 |     6 |     6 |    19 |    19 |     6 ||    64
       Potion            |       |       |       |     6 |     2 |       |     2 ||    10
 Stab: Distracted        |       |       |     3 |     4 |     9 |     7 |     3 ||    26
       Sleeping          |       |       |     2 |     4 |       |       |       ||     6
Armor: Animal skin       |    21 |       |       |       |       |       |       ||    21
       Ring mail         |     5 |   137 |       |       |       |       |       ||   142
       Leather armour    |       |       |   148 |   148 |       |       |       ||   296
       Plate armour      |       |       |       |   246 |   948 |  1460 |   409 ||  3063
Dodge: Dodged            |    56 |   193 |   303 |   509 |   744 |   782 |   271 ||  2858
       Repelled          |       |       |       |       |    16 |     1 |       ||    17
Block: Buckler           |       |       |       |       |   207 |       |       ||   207
       Kite shield       |       |       |       |       |    24 |  1061 |   391 ||  1476
       Reflection        |       |       |       |       |       |    28 |    12 ||    40
       Rpst.: Falchion   |    16 |    45 |    46 |       |       |     4 |       ||   111
       Scimitar          |       |       |    41 |   131 |   135 |    33 |     2 ||   342
       Great sword       |       |       |       |    14 |    14 |       |       ||    28
       Long sword        |       |       |       |       |    16 |    84 |    49 ||   149
